 Dungeon Crawl Stone Soup version 0.25-a0-1071-g2607d5cfa1 (webtiles) character file.

Game seed: 13553503103378527985, levelgen mode: deterministic

1130 DerDa the Chiller (level 8, -15/52 HPs)
             Began as a Merfolk Ice Elementalist on May 14, 2020.
             Was a Follower of Sif Muna.
             Demolished by Maggie
             ... wielding a +1 broad axe of flaming
              (18 damage)
             ... on level 6 of the Dungeon.
             The game lasted 00:18:13 (7512 turns).

DerDa the Chiller (Merfolk Ice Elementalist)        Turns: 7512, Time: 00:18:14

Health: -15/52     AC:  4    Str:  8    XL:     8   Next: 36%
Magic:  14/16      EV: 16    Int: 16    God:    Sif Muna [*.....]
Gold:   327        SH:  0    Dex: 15    Spells: 3/18 levels left

rFire    . . .     SeeInvis .   w - +1 trident (venom)
rCold    . . .     Gourm    .   (no shield)
rNeg     . . .     Faith    .   a - +0 robe
rPois    .         Spirit   .   x - +0 helmet
rElec    .         Reflect  .   (no cloak)
rCorr    .         Harm     .   u - +0 pair of gloves
MR       .....                  (no boots)
Stlth    ++........             (no amulet)
HPRegen  0.17/turn              (no ring)
MPRegen  0.15/turn              (no ring)

@: brilliant, mesmerised
A: change form in water, swift swim, stealthy swim
a: Channel Magic, Renounce Religion


You were on level 6 of the Dungeon.
You worshipped Sif Muna.
Sif Muna was aware of your devotion.
You were not hungry.

You visited 2 branches of the dungeon, and saw 7 of its levels.
You also visited: Sewer.

You collected 327 gold pieces.

Inventory:

Hand Weapons
 w - a +1 trident of venom (weapon)
Missiles
 l - 16 poisoned darts (quivered)
Armour
 a - a +0 robe (worn)
 u - a +0 pair of gloves (worn)
 x - a +0 helmet (worn)
Magical Staves
 q - an uncursed staff of conjuration
Wands
 n - a wand of flame (4)
Scrolls
 b - 3 scrolls of fog
 e - a scroll of blinking
 f - a scroll of immolation
 g - 3 scrolls of enchant weapon
 h - a scroll of amnesia
 i - 7 scrolls of teleportation
 j - 2 scrolls of enchant armour
 k - 3 scrolls of remove curse
 r - 2 scrolls of fear
 t - a scroll of magic mapping {unknown}
Potions
 m - 2 potions of lignification {unknown}
 o - 2 potions of haste {unknown}
 p - 3 potions of brilliance
 s - a potion of invisibility {unknown}
 v - a potion of heal wounds {unknown}
 z - 2 potions of flight {unknown}
 A - a potion of might {unknown}
 B - 3 potions of curing {unknown}
Comestibles
 c - 10 rations


   Skills:
 + Level 2.0 Polearms
 + Level 5.9 Dodging
 - Level 2.1 Stealth
 * Level 5.6 Spellcasting
 * Level 7.7 Ice Magic
 + Level 1.4 Invocations
 + Level 1.2 Evocations


You had 3 spell levels left.
You knew the following spells:

 Your Spells              Type           Power        Failure   Level  Hunger
a - Freeze                Ice            ####         1%          1    None
b - Frozen Ramparts       Ice            #####.       1%          3    None
c - Ozocubu's Armour      Chrm/Ice       ####....     9%          3    None
d - Hailstorm             Conj/Ice       ####....     28%         4    None
e - Summon Ice Beast      Ice/Summ       ####....     28%         4    None

Your spell library contained the following spells:

 Spells                   Type           Power        Failure   Level  Hunger
 Shock                    Conj/Air       #...         14%         1    None
 Swiftness                Chrm/Air       #.......     22%         2    None
 Static Discharge         Conj/Air       #.......     41%         3    None
 Airstrike                Air            #.........   82%         4    None
 Lightning Bolt           Conj/Air       #.........   99%         5    None


Dungeon Overview and Level Annotations

Branches:
Dungeon (6/15)             Temple (1/1) D:4           Sewer (visited)

Altars:
Ashenzari
Cheibriados
Dithmenos
Elyvilon
Fedhas
Gozag
Hepliaklqana
Makhleb
Okawaru
Qazlal
Ru
Sif Muna
Trog
Vehumet
Wu Jian
Xom
Yredelemnul
Zin
The Shining One

Annotations:
D:6 Maggie


Message History

Aiming: Freeze (safe; 1% risk of failure)
Press: ? - help, Shift-Dir - straight line, f/p - Maggie
Aim: Maggie, wielding a +1 broad axe of flaming, wearing +0 acid dragon scales and carrying a wand of flame (21) (moderately wounded, mesmerising, very poisoned)
You freeze Maggie.
Maggie is moderately wounded.
Maggie zaps a wand.
The puff of flame misses you.
Casting: Freeze (safe; 1% risk of failure)
Confirm with . or Enter, or press ? or * to list all spells.
Aiming: Freeze (safe; 1% risk of failure)
Press: ? - help, Shift-Dir - straight line, f/p - Maggie
Aim: Maggie, wielding a +1 broad axe of flaming, wearing +0 acid dragon scales and carrying a wand of flame (20) (heavily wounded, mesmerising, very poisoned)
You freeze Maggie.
Maggie is heavily wounded.
Maggie points at you and mumbles some strange words.
The bolt of fire hits you!!
* * * LOW HITPOINT WARNING * * *
It was a potion of brilliance.
You feel clever all of a sudden.
Maggie hits you with a +1 broad axe of flaming!!
You die...

######## #......# #......#
#......# #......# #......#
#......####### ####
#....@........
...########.....@#######<.
..........................
.....######......#.########
###..# #.................
###..#####.......##........
......................>....
###..####.[......##........
####.####..#####.##........
...........# #...........


You could see Maggie (mesmerising, very poisoned).

Vanquished Creatures
  Grinder (D:3)
  An ice beast (D:6)
  2 bullfrogs (Sewer)
  A crimson imp (D:6)
  A centaur zombie (D:5)
  A hound (D:4)
  A jelly (D:6)
  2 orc priests
  A bullfrog skeleton (D:5)
  A gnoll shaman (D:6)
  An orc wizard (D:6)
  4 worker ants (D:4)
  2 hound skeletons
  3 gnolls (D:6)
  4 adders
  A shadow imp (D:6)
  16 oozes
  An adder skeleton (D:4)
  4 worms
  3 dart slugs
  12 leopard geckos
  9 orcs
  11 giant cockroaches (Sewer)
  9 goblins
  9 hobgoblins
  2 jackals (D:1)
  2 quokkas
  22 ball pythons
  7 bats
  10 frilled lizards
  8 kobolds
  2 quokka skeletons
  7 rats
161 creatures vanquished.

Notes
Turn   | Place    | Note
-------+----------+-------------------------------------------
     0 | D:1      | DerDa the Merfolk Ice Elementalist began the quest for the
                  | Orb.
     0 | D:1      | Reached XP level 1. HP: 13/13 MP: 3/3
   254 | D:1      | Reached XP level 2. HP: 19/19 MP: 3/5
   623 | D:1      | Reached XP level 3. HP: 23/24 MP: 0/6
  1010 | D:1      | Learned a level 3 spell: Frozen Ramparts
  1014 | D:1      | Learned a level 3 spell: Ozocubu's Armour
  1257 | D:2      | Reached skill level 5 in Ice Magic
  1687 | D:2      | Reached XP level 4. HP: 26/30 MP: 4/8
  2117 | D:2      | Found a glowing golden altar of the Shining One.
  2466 | D:3      | Found a glowing silver altar of Zin.
  2571 | D:3      | Reached XP level 5. HP: 35/35 MP: 6/10
  2964 | D:3      | Found a stormy altar of Qazlal.
  3076 | D:3      | Found a glowing drain.
  3086 | Sewer    | Entered a sewer
  3519 | Sewer    | Reached XP level 6. HP: 39/41 MP: 8/11
  3525 | Sewer    | Reached skill level 6 in Ice Magic
  4153 | D:3      | Noticed Grinder
  4161 | D:3      | Paralysed by Grinder for 2 turns
  4175 | D:3      | Killed Grinder
  4175 | D:3      | Reached skill level 5 in Dodging
  4175 | D:3      | Reached skill level 7 in Ice Magic
  4175 | D:3      | Reached XP level 7. HP: 36/46 MP: 5/14
  4559 | D:4      | Found a staircase to the Ecumenical Temple.
  4570 | Temple   | Entered the Ecumenical Temple
  4727 | Temple   | Became a worshipper of Sif Muna the Loreminder
  5052 | D:4      | Found a shattered altar of Ashenzari.
  5083 | D:4      | Reached skill level 5 in Spellcasting
  5397 | D:4      | Found a basalt altar of Yredelemnul.
  5932 | D:4      | Found a blossoming altar of Fedhas.
  6116 | D:5      | Entered Level 5 of the Dungeon
  6253 | D:5      | Found a snail-covered altar of Cheibriados.
  6320 | D:5      | Found a shadowy altar of Dithmenos.
  6588 | D:5      | Reached XP level 8. HP: 51/52 MP: 10/15
  6920 | D:6      | Learned a level 4 spell: Hailstorm
  6925 | D:6      | Learned a level 4 spell: Summon Ice Beast
  6980 | D:6      | Reached skill level 1 in Polearms
  7034 | D:6      | Found a white marble altar of Elyvilon.
  7084 | D:6      | Reached skill level 1 in Invocations
  7084 | D:6      | Reached skill level 1 in Evocations
  7486 | D:6      | Reached * piety under Sif Muna
  7498 | D:6      | Noticed Maggie
  7512 | D:6      | Demolished by Maggie

Illustrated notes

Levels and vault maps discovered:
D:1:      minmay_arrival_four_houses, layout_loops_ring
D:2:      layout_basic, first_ration, nicolae_tso_carved_into_rock
D:3:      layout_basic, lemuel_crystal_altar, overflow_temple_1_default,
          cheibrodos_sewer_entry_drain, serial_bayou_pond_e,
          nicolae_underground_beach, uniq_grinder
D:4:      layout_gridville, nicolae_ashenzari_panopticon, fedhas_altar_4,
          nicolae_overflow_crystal_walls, temple_statues,
          palyth_stone_intersect, ebering_dispersal_statue_hall
D:5:      layout_loops_ring, old_standard_altar, cheibrodos_worm_habitat
D:6:      layout_basic, elyvilon_altar_5, uniq_pikel, uniq_maggie
Temple:   minmay_temple_curvy_loop

Skill      XL: |  1  2  3  4  5  6  7  8 |
---------------+-------------------------+-----
Dodging        | 3 4 5 |  5.9
Ice Magic      | 5 7 |  7.7
Spellcasting   | 3 4 5 |  5.6
Polearms       | 2 |  2.0
Invocations    | 1 |  1.4
Evocations     | 1 |  1.2
Stealth        | |  2.1

Action                   |  1- 3 |  4- 6 |  7- 9 || total
-------------------------+-------+-------+-------++-------
Melee: Unarmed           |     3 |       |       ||     3
       Falchion          |     2 |    16 |    29 ||    47
       Tailslap          |       |     2 |       ||     2
       Trident           |       |       |    64 ||    64
Throw: Stone             |     1 |     2 |     1 ||     4
 Cast: Freeze            |    53 |   143 |    14 ||   210
       Frozen Ramparts   |       |     4 |    12 ||    16
       Ozocubu's Armour  |       |       |     3 ||     3
Evoke: Wand              |       |    13 |     1 ||    14
  Use: Scroll            |       |     7 |     7 ||    14
       Potion            |       |       |     1 ||     1
 Stab: Sleeping          |     1 |       |     1 ||     2
  Eat: Chunk             |     3 |     8 |     8 ||    19
       Ration            |       |       |     1 ||     1
Armor: Robe              |     2 |    19 |    19 ||    40
Dodge: Dodged            |    25 |   107 |    72 ||   204
       Rpst.: Falchion   |     2 |    25 |     8 ||    35

Table legend:
 A = Non-vault XP
 B = Vault XP
 C = Vault XP percentage of total XP
 D = Non-vault monster count
 E = Vault monster count
 F = Vault count percentage of total count
                 A         B        C        D         E       F
            +---------+---------+-------+---------+---------+-------
      Total |     948 |     667 |  41.3 |      92 |      69 |  42.9
            +---------+---------+-------+---------+---------+-------
        D:1 |      40 |       0 |   0.0 |      19 |       0 |   0.0
        D:2 |     105 |       0 |   0.0 |      24 |       0 |   0.0
        D:3 |      79 |     284 |  78.2 |      19 |       3 |  13.6
        D:4 |     221 |       0 |   0.0 |      10 |       0 |   0.0
        D:5 |     104 |       5 |   4.6 |       4 |       1 |  20.0
        D:6 |     399 |       0 |   0.0 |      16 |       0 |   0.0
      Sewer |       0 |     378 | 100.0 |       0 |      65 | 100.0
            +---------+---------+-------+---------+---------+-------
